 Dungeon Crawl Stone Soup version 0.30-a0-802-gb92711bcdf (webtiles) character file.

Game seed: 17984611365615619917

59 Iich the Chopper (level 4, 0/41 HPs)
             Began as a Hill Orc Fighter on Feb 23, 2023.
             Slain by an orc wizard
             ... wielding a +3 dagger
              (2 damage)
             ... on level 3 of the Dungeon.
             The game lasted 00:02:58 (1738 turns).

Iich the Chopper (Hill Orc Fighter)                 Turns: 1738, Time: 00:02:59

Health: 0/41       AC:  9    Str: 17 (18) XL:     4   Next: 3%
Magic:  4/4        EV:  9    Int:  8      God:
Gold:   65         SH:  4    Dex: 11 (12) Spells: 3/3 levels left

rFire   . . .      SeeInvis .    a - +0 war axe
rCold   . . .      Faith    .    c - +0 buckler
rNeg    + . .      Spirit   .    b - +0 scale mail
rPois   .          Reflect  .    m - +0 helmet
rElec   .          Harm     .    (no cloak)
rCorr   .          Rampage  .    (no gloves)
Will    .....                    n - +0 pair of boots Stlth
                                 (no amulet)
HPRegen 0.26/turn                j - ring of positive energy
MPRegen 0.09/turn                (no ring)

@: flying
A: no striking features
a: no special abilities


You were on level 3 of the Dungeon.
You visited 1 branch of the dungeon, and saw 3 of its levels.

You collected 65 gold pieces.

Inventory:

Hand Weapons
 a - a +0 war axe (weapon)
Armour
 b - a +0 scale mail (worn)
 c - a +0 buckler (worn)
 m - a +0 helmet (worn)
 n - a +0 pair of boots (worn)
Jewellery
 j - a ring of positive energy (left hand)
Scrolls
 g - a scroll of teleportation
 o - a scroll of identify {unknown}
Potions
 d - a potion of might
 e - 2 potions of invisibility {unknown}
 f - a potion of flight
 h - a potion of resistance {unknown}
 i - a potion of haste {unknown}
 k - a potion of curing {unknown}
 l - a potion of magic {unknown}


   Skills:
 + Level 4.4 Fighting
 * Level 4.8 Axes
 - Level 3.2 Armour
 - Level 3.2 Shields


You had 3 spell levels left.
You didn't know any spells.
Your spell library was empty.

Dungeon Overview and Level Annotations

Branches:
Dungeon (3/15)

Altars:


Message History

The kobold hits you but does no damage. Something hits you.
* * * LOW HITPOINT WARNING * * *
You closely miss the kobold. You closely miss something.
The kobold barely misses you.
Unknown command.
You hit the kobold but do no damage. You slash the orc!
You barely miss something.
You hear some strange, mumbled words.
A magic dart appears from out of thin air!
The magic dart hits you.
* * * LOW HITPOINT WARNING * * *
The kobold barely misses you. The orc hits you but does no damage.
You slash the kobold!
You kill the kobold!
You miss something. You barely miss the orc.
Something hits you but does no damage. The orc barely misses you.
The orc hits you with a +0 short sword.
* * * LOW HITPOINT WARNING * * *
Something hits you.
* * * LOW HITPOINT WARNING * * *
You feel your intelligence returning.
You have reached level 4!
You miss something. You barely miss the orc. Something hits you.
* * * LOW HITPOINT WARNING * * *
You block the orc's attack.
You hit something. You closely miss the orc. Something hits you.
* * * LOW HITPOINT WARNING * * *
The orc hits you but does no damage.
You closely miss something. You hit the orc.
You kill the orc!
Something hits you but does no damage. Something hits you but does no damage.
It was a potion of flight.
You feel very buoyant.
You fly up into the air.
Something hits you.
You die...

#. #.# #.# .
#.# .. ### #.#
... ...#.#
....
#.#.#####.....
#...@).)....##
###<{)........
############


There were no monsters in sight!

Vanquished Creatures
  An adder (D:2)
  2 dart slugs (D:1)
  3 orcs (D:3)
  7 endoplasms
  A giant cockroach (D:2)
  3 goblins
  A hobgoblin (D:2)
  6 quokkas
  4 ball pythons (D:2)
  2 bats
  2 frilled lizards
  2 kobolds
  7 rats
41 creatures vanquished.

Vanquished Creatures (others)
  4 plants (D:1)
4 creatures vanquished.

Grand Total: 45 creatures vanquished

Notes
Turn   | Place    | Note
-------+----------+-------------------------------------------
     0 | D:1      | Iich the Hill Orc Fighter began the quest for the Orb.
     0 | D:1      | Reached XP level 1. HP: 19/19 MP: 1/1
   167 | D:1      | Reached XP level 2. HP: 27/27 MP: 2/2
   820 | D:2      | Reached XP level 3. HP: 32/33 MP: 3/3
  1735 | D:3      | Reached XP level 4. HP: 6/41 MP: 4/4
  1736 | D:3      | HP: 1/41 [something (3)]
  1738 | D:3      | Slain by an orc wizard

Illustrated notes

Levels and vault maps discovered:
D:1:      dpeg_chamrin_arrival_tetris, layout_basic, serial_forest,
          infiniplex_forest_clump_tiny, infiniplex_forest_straight_2,
          infiniplex_forest_corner_2, infiniplex_forest_clump_long,
          infiniplex_forest_clump_double, infiniplex_forest_clump_small,
          infiniplex_forest_straight_2, kennysheep_flooded_box,
          minmay_misc_feat_square
D:2:      layout_basic, minmay_tetromino_i2
D:3:      layout_loops_ring, biasface_ghost_orc_armoury, serial_undead,
          serial_undead_f, serial_undead_c, serial_undead_d, serial_undead_f,
          serial_undead_f, serial_undead_d, minmay_misc_feat_tiny,
          kennysheep_generic_room_5, uniq_jessica

Skill      XL: |  1  2 |
---------------+-------+-----
Axes           | 3 4 |  4.8
Fighting       | 4 |  4.4
Armour         | |  3.2
Shields        | |  3.2

Action                     |  1- 3 |  4- 6 || total
---------------------------+-------+-------++-------
  Melee: War axe           |   112 |     3 ||   115
    Use: Potion            |     1 |     1 ||     2
         Scroll            |     1 |       ||     1
 Armour: Scale mail        |    51 |     3 ||    54
  Dodge: Dodged            |    58 |       ||    58
  Block: Buckler           |    26 |     1 ||    27

Table legend: (Time is in decaauts)
 A = Elapsed time spent in this place.
 B = Non-inter-level travel time spent in this place.
 C = Inter-level travel time spent in this place.
 D = Time resting spent in this place.
 E = Time spent auto-exploring this place.
 F = Levels seen in this place.
 G = Mean time per level.
                   A        B        C        D        E       F      G
               +--------+--------+--------+--------+--------+-----+--------+
         Total |   1776 |   1624 |    152 |      0 |   1302 |   3 |  592.0 |
       Dungeon |   1776 |   1624 |    152 |      0 |   1302 |   3 |  592.0 |
               +--------+--------+--------+--------+--------+-----+--------+

Top non-repeatable levels by time:
     D:2: 954 daAuts
     D:1: 800 daAuts
     D:3: 21 daAuts
